Beryl, chaotic male elven Priest ------------- ---------- -------------- #|........`..| f#.........| |.............########################-............#@##|........| |............| # |........^..| #.........| |...>......... |...........-# |{.......| ---.------.--- -----.---.---# |........| ##### ## # # |........| ### # # # -----.---- # ### ##### # # #### ##### #############)############# ### # ------------.--- ### ###----------|-# # ### |.<............| # #...........|#################` # |..............-############|..........| # --.---.-- |..............|`######## ##...........| ##` |.......| |...............## ------------ # |.......| ---------------- ##|.......| |.......| --------- Beryl the Acolyte Experience level: 3 Strength: 9 Dexterity: 9 Constitution: 16 Intelligence: 9 Wisdom: 20 Charisma: 12 Health: 0(23) Energy: 51(51) Def: 4 Gold: 232 Moves: 1285 Dungeon seed: gxYfIpT-IT28a_37 Game ID: Beryl_1614988130 Your Inventory: Coins $ - 232 gold pieces Weapons a - a blessed +1 mace (weapon in hand) Armor e - a +0 robe (being worn) n - a +0 small shield (being worn) q - a +0 orcish helm (being worn) Comestibles c - a clove of garlic d - a sprig of wolfsbane j - 2 food rations p - a tin of jackal meat Spellbooks f - a spellbook of healing g - a spellbook of light Potions b - 4 potions of holy water k - a potion of invisibility Wands m - a wand of teleportation (0:7) Tools h - a magic marker (0:68) i - a tooled horn o - a stethoscope Gems r - a worthless piece of orange glass Spells and supernatural/magical abilities: Name Level Category Fail Memory h - healing 1 healing 0% 94% l - light 1 divination 0% 94% W - pray for help -- divine ? -- X - turn undead -- divine ? -- Your skills at the end: Fighting Skills Weapon Skills mace [Basic] Spellcasting Skills clerical spells [Basic] Final Attributes: You were piously aligned. You had infravision. You are dead. Vanquished creatures: a kitten a coyote 2 hobbits a cave spider 2 brown molds a yellow mold 8 jackals a kobold a goblin 2 sewer rats 3 grid bugs 3 lichens 5 newts 31 creatures vanquished. Voluntary challenges: You used a wielded weapon 28 times, starting on turn 21. You read items or engraved 1 time, starting on turn 380. You never genocided any monsters. You never polymorphed an object. You never changed form. You used no wishes. You never split a pudding. You never wrote Elbereth's name. You never violated your personal moral code. Dungeon overview: The Dungeons of Doom: levels 1 to 4 Level 1 an altar to Issek, a fountain, a sink a long staircase Level 2 a bookstore, an altar to Kos, a sink a long staircase Level 3 a fountain Level 4 <- You were here a fountain History has recorded: On T:1 you entered the Dungeons of Doom to retrieve the Amulet of Yendor! On T:172 you reached level 2 of The Dungeons of Doom. On T:655 you reached level 3 of The Dungeons of Doom. On T:700 you advanced to experience level 2. On T:962 you reached level 4 of The Dungeons of Doom. On T:994 you advanced to experience level 3. Score breakdown: Gold: 232 ( 8052 points) Experience: 3 levels ( 7878 points) Exploration: 4 levels ( 8.51%) ( 7661 points) Discoveries: 3 items ( 1.05%) ( 3072 points) Valuables value: (no points given unless you survive) Artifact value: 0 ( 0 points) Variety of kills: 13 monsters ( 3.41%) ( 5541 points) Turncount: 1285 turns ( 0 points) Survival: died (score multiplied by 80%) Total score: 25763 Latest messages: This door is locked. Ouch! You bump into a door. WHAMMM!!! WHAMMM!!! WHAMMM!!! WHAMMM!!! WHAMMM!!! WHAMMM!!! The kitten bites! As you kick the door, it crashes open! The kitten bites! The kitten just misses! You miss the kitten. The kitten bites! You miss the kitten. The kitten bites! (2x) You hit the kitten! The kitten bites! (2x) You die... Final status: Goodbye Beryl the Priest, killed by a kitten... You died in The Dungeons of Doom on dungeon level 4 with 25763 points, and 232 pieces of gold, after 1285 moves. You were level 3 with a maximum of 23 hit points when you died.